 Dungeon Sprint DCSS version 0.29-a0-337-g68df138881 (webtiles) character file.

Game seed: 15806457693360561635

371 mhtbhm the Basher (level 6, -21/102 HPs)
             Began as a Troll Berserker on Apr 16, 2022.
             Was an Elder of Trog.
             Demolished by a shadow (27 damage)
             ... in the Dungeon (Sprint IX: "|||||||||||||||||||||||||||||").
             The game lasted 00:00:26 (281 turns).

mhtbhm the Basher (Troll Berserker)                  Turns: 281, Time: 00:00:27

Health: -21/102    AC:  8    Str: 31    XL:     6   Next: 42%
Magic:  5/5        EV: 11    Int:  3    God:    Trog [****..]
Gold:   0          SH:  0    Dex:  9    Spells: 5/5 levels left

rFire   . . .      SeeInvis .   a - +2 dire flail of Integrity {vorpal, Will+ Str+3}
rCold   . . .      Faith    .   (shield currently unavailable)
rNeg    . . .      Spirit   .   b - +0 animal skin
rPois   .          Reflect  .   (helmet restricted)
rElec   .          Harm     .   (no cloak)
rCorr   .          Rampage  .   (gloves unavailable)
Will    +....      NoTele   +   (boots unavailable)
Stlth   ..........              (no amulet)
HPRegen 1.07/turn               k - +2 ring of protection
MPRegen 0.09/turn               l - +2 ring of protection

@: berserking (expiring), very quick
A: large, unfitting armour, claws 3, regeneration 1, shaggy fur 1, tough skin 1
a: Renounce Religion, Berserk, Trog's Hand, Brothers in Arms


You were in the Dungeon.
You worshipped Trog.
Trog was greatly pleased with you.
You visited 1 branch

Inventory:

Hand Weapons
 a - the +2 dire flail of Integrity (weapon) {vorpal, Will+ Str+3}
   (You found it in the Dungeon)

   It inflicts extra damage upon your enemies.
   Str:       It affects your strength (+3).
   Will:      It increases your willpower.
Armour
 b - a +0 animal skin (worn)
Jewellery
 k - a +2 ring of protection (left claw)
 l - a +2 ring of protection (right claw)
Wands
 j - a wand of acid (10)
Scrolls
 h - 2 scrolls of blinking
Potions
 c - 5 potions of curing
 d - 3 potions of heal wounds
 e - a potion of haste
 f - 4 potions of magic
 g - a potion of berserk rage
 i - a potion of invisibility


   Skills:
 + Level 6.8 Fighting
 + Level 8.5 Maces & Flails
 + Level 6.8 Dodging


You had 5 spell levels left.
You didn't know any spells.
Your spell library was empty.

Dungeon Overview and Level Annotations

Branches:
Dungeon (1/1)

Altars:
Cheibriados
Dithmenos
Elyvilon
Fedhas
Gozag
Hepliaklqana
Kikubaaqudgha
Makhleb
Nemelex Xobeh
Okawaru
Qazlal
Ru
Sif Muna
Trog
Uskayaw
Vehumet
Wu Jian
Xom
Yredelemnul
Zin
The Shining One
Beogh
Jiyva
Lugonu


Innate Abilities, Weirdness & Mutations

You are too large for most types of armour.
You have claws for hands.
Your natural rate of healing is unusually fast.
You are covered in fur. (AC +1)
You have tough skin. (AC +1)


Message History

You barely miss the troll.
The troll is severely wounded.
The troll bites you.
* * * LOW HITPOINT WARNING * * *
The troll closely misses you. The troll claws you but does no damage.
You puncture the troll!
The troll is almost dead.
The troll bites you!
* * * LOW HITPOINT WARNING * * *
The troll barely misses you. x2
You impale the troll!!
You kill the troll!
Trog accepts your kill.
You can now call in reinforcements.
The troll leather armour is intact enough to wear.
The centaur wields a +0 shortbow.
The centaur shoots an arrow.
The arrow barely misses you.
Your Fighting skill gained 2 levels and is now at level 6!
Your Maces & Flails skill gained 3 levels and is now at level 8!
Your Dodging skill gained 2 levels and is now at level 6!
You have reached level 5!
You have reached level 6!
You feel stronger.
Unknown command.
The centaur unwields a +0 shortbow.
The centaur hits you but does no damage.
The centaur kicks you but does no damage.
There is an open door to the Dungeon, spattered with blood here.
Things that are here:
a +0 troll leather armour; a troll corpse Unknown command.
You impale the centaur!!
You kill the centaur!
Trog accepts your kill.
The howler monkey hoots and howls with incredible vigour!
You hear an angry hiss.
Unknown command.
Unknown command.
Unknown command.
The shadow strikes at you from the darkness!
You die...

▓?▓
▓)▓
▓.▓
▓[▓
▓[▓
▓[▓
▓.▓
▓.▓
▓@▓
▓)▓
▓.▓
▓.▓
▓{▓
▓h▓
▓.▓
▓+▓


You could see a howler monkey (catching breath).

Vanquished Creatures
  A troll (D)
  A centaur (D)
  A hound (D)
  An iguana (D)
  An adder (D)
  An ufetubus (D)
  A dart slug (D)
  An orc (D)
  A goblin (D)
  A ball python (D)
  2 bats (D)
12 creatures vanquished.

Notes
Turn   | Place    | Note
-------+----------+-------------------------------------------
     0 | D        | mhtbhm the Troll Berserker began the quest for the Orb.
     0 | D        | Reached XP level 1. HP: 22/22 MP: 0/0
    10 | D        | Reached skill level 3 in Maces & Flails
    12 | D        | Reached ** piety under Trog
   125 | D        | Noticed a hound
   125 | D        | Noticed an iguana
   128 | D        | Killed a hound
   129 | D        | Reached skill level 4 in Maces & Flails
   129 | D        | Reached XP level 2. HP: 32/32 MP: 1/1
   129 | D        | Reached XP level 3. HP: 39/39 MP: 2/2
   133 | D        | Reached *** piety under Trog
   134 | D        | Reached skill level 5 in Maces & Flails
   135 | D        | Reached XP level 4. HP: 47/48 MP: 3/3
   147 | D        | Found a snail-covered altar of Cheibriados.
   147 | D        | Found a shadowy altar of Dithmenos.
   147 | D        | Found a white marble altar of Elyvilon.
   147 | D        | Found a blossoming altar of Fedhas.
   147 | D        | Found an opulent altar of Gozag.
   148 | D        | Found a hazy altar of Hepliaklqana.
   149 | D        | Found a viscous altar of Jiyva.
   150 | D        | Found an ancient bone altar of Kikubaaqudgha.
   151 | D        | Found a corrupted altar of Lugonu.
   152 | D        | Found a burning altar of Makhleb.
   153 | D        | Found a sparkling altar of Nemelex Xobeh.
   154 | D        | Found an iron altar of Okawaru.
   155 | D        | Found a stormy altar of Qazlal.
   156 | D        | Found a sacrificial altar of Ru.
   157 | D        | Found a shimmering blue altar of Sif Muna.
   158 | D        | Found a bloodstained altar of Trog.
   159 | D        | Found a hide-covered altar of Uskayaw.
   160 | D        | Found a radiant altar of Vehumet.
   161 | D        | Found an ornate altar of the Wu Jian Council.
   162 | D        | Found a shimmering altar of Xom.
   163 | D        | Found a basalt altar of Yredelemnul.
   164 | D        | Found a glowing silver altar of Zin.
   165 | D        | Found a glowing golden altar of the Shining One.
   182 | D        | Got the +2 dire flail of Integrity {vorpal, Will+ Str+3}
   267 | D        | Noticed a troll
   267 | D        | Noticed a centaur
   267 | D        | Noticed a shadow
   267 | D        | Noticed a vampire
   277 | D        | HP: 3/73 [troll (15)]
   278 | D        | Killed a troll
   278 | D        | Reached **** piety under Trog
   279 | D        | Reached skill level 8 in Maces & Flails
   279 | D        | Reached XP level 5. HP: 4/61 MP: 4/4
   279 | D        | Reached XP level 6. HP: 5/68 MP: 5/5
   281 | D        | Demolished by a shadow

Illustrated notes

Levels and vault maps discovered:
D:        linesprint [early_d, line_temple, items_1, d_10, items_2, lair_1,
          lair_end, items_3, orc_1, orc_end, items_4, d_15, swamp_1, shoals_1,
          snake_1, spider_1, d_20, vaults_1, items_5, swamp_end, shoals_end,
          snake_end, spider_end, vaults_end, d_27, items_6, zot_1, zot_end,
          crypt_end, forest_end, elf_end, slime_end, tomb_end, abyss_end,
          pan_hell_end]

Skill      XL: |  1  2  3  4 |
---------------+-------------+-----
Maces & Flails | 4 5 8 |  8.5
Dodging        | 3 4 6 |  6.8
Fighting       | 3 4 6 |  6.8

Action                   |  1- 3 |  4- 6 || total
-------------------------+-------+-------++-------
Melee: Mace              |    23 |     6 ||    29
       Dire flail        |       |    11 ||    11
Invok: Berserk           |     1 |     1 ||     2
Armor: Animal skin       |    12 |     5 ||    17
Dodge: Dodged            |    14 |    17 ||    31

Table legend: (Time is in decaauts)
 A = Elapsed time spent in this place.
 B = Non-inter-level travel time spent in this place.
 C = Inter-level travel time spent in this place.
 D = Time resting spent in this place.
 E = Time spent auto-exploring this place.
 F = Levels seen in this place.
 G = Mean time per level.
                   A        B        C        D        E       F      G
               +--------+--------+--------+--------+--------+-----+--------+
         Total |    287 |    287 |      0 |    172 |      3 |   1 |  287.0 |
       Dungeon |    287 |    287 |      0 |    172 |      3 |   1 |  287.0 |
               +--------+--------+--------+--------+--------+-----+--------+

Top non-repeatable levels by time:
       D: 287 daAuts
